 Dungeon Crawl Stone Soup version 0.21.1 (webtiles) character file.

4221 GuyWithAPlan the Grappler (level 10, 0/132 HPs)
             Began as a Troll Monk on Feb 5, 2018.
             Slain by a komodo dragon (15 damage)
             ... on level 4 of the Lair of Beasts.
             The game lasted 00:10:01 (5773 turns).

GuyWithAPlan the Grappler (Troll Monk)              Turns: 5773, Time: 00:10:02

Health: 0/132      AC: 25    Str: 21    XL:     10   Next: 9%
Magic:  18/18      EV:  1    Int:  6    God:
Gold:   427        SH:  0    Dex: 15    Spells: 9/9 levels left

rFire    . . .     SeeInvis .     - Unarmed
rCold    . . .     Gourm    +   (no shield)
rNeg     + + +     Faith    .   (armour currently unavailable)
rPois    +         Spirit   .   (helmet currently unavailable)
rElec    .         Reflect  .   (cloak currently unavailable)
rCorr    .         Harm     .   (gloves unavailable)
MR       .....     NoTele   +   (boots unavailable)
Stlth    ++........             i - amulet of regeneration
HPRegen  1.12/turn              B - ring of magical power
MPRegen  0.16/turn              g - +5 ring of evasion

@: lethally poisoned (0 -> 0), tree-form
A: large, unfitting armour, fast metabolism 3, gourmand, regeneration 1
a: no special abilities


You were on level 4 of the Lair of Beasts.
You were not hungry.
You were a tree.
You visited 3 branches of the dungeon, and saw 14 of its levels.

You collected 427 gold pieces.

Inventory:

Hand Weapons
 y - a +0 flail
Armour
 a - a +0 robe
 d - a scarf of spirit shield
 A - a +0 robe of resistance (melded)
 D - the +1 cloak of the Ladybird (melded) {rF++ rC+}
   (You found it on level 8 of the Dungeon)

   It greatly protects you from fire.
   It protects you from cold.
Jewellery
 g - a +5 ring of evasion (right branch)
 h - an uncursed ring of teleportation
 i - an amulet of regeneration (around neck)
 k - an uncursed ring of wizardry
 B - a ring of magical power (left branch)
Wands
 u - a wand of paralysis (10)
 v - a wand of acid (5)
 H - a wand of digging (17)
 I - a wand of iceblast (9)
Scrolls
 l - 2 scrolls of immolation
 n - a scroll of remove curse
 q - a scroll of identify
 t - 4 scrolls of blinking {unknown}
 E - a scroll of amnesia {unknown}
 F - 2 scrolls of enchant weapon {unknown}
 G - a scroll of enchant armour {unknown}
 J - a scroll of fear {unknown}
Potions
 c - 5 potions of degeneration
 e - 4 potions of agility
 f - a potion of ambrosia
 j - a potion of cancellation {unknown}
 m - a potion of flight {unknown}
 o - a potion of might {unknown}
 p - 2 potions of berserk rage
 r - 2 potions of heal wounds
 w - a potion of curing {unknown}
 C - a potion of brilliance {unknown}
Books
 x - a book of Frost

   Spells                             Type                      Level
   a - Freeze                         Ice                          1
   b - Throw Frost                    Conjuration/Ice              2
   c - Ozocubu's Armour               Charms/Ice                   3
   d - Throw Icicle                   Conjuration/Ice              4
   e - Summon Ice Beast               Ice/Summoning                4
Comestibles
 b - 15 rations


   Skills:
 - Level 2.4 Fighting
 - Level 2.4 Dodging
 - Level 1.0 Stealth
 + Level 14.2 Unarmed Combat


You had 9 spell levels left.
You didn't know any spells.

Dungeon Overview and Level Annotations

Branches:
Dungeon (9/15)             Temple (1/1) D:7            Lair (4/6) D:8
 Spider (0/4) Lair:4
  Swamp: Lair:2-4    Shoals: Lair:2-4       Orc: D:9-12

Altars:
Ashenzari
Dithmenos
Kikubaaqudgha
Nemelex Xobeh
Okawaru
Qazlal
Ru
Wu Jian
Xom
Yredelemnul
Zin


Innate Abilities, Weirdness & Mutations

You are too large for most types of armour.
((You have claws for hands.))
Your metabolism is lightning-fast.
You like to eat raw meat.
Your natural rate of healing is unusually fast.
((You are covered in fur. (AC +1)))
((You have very tough skin. (AC +2)))


Message History

The spiny frog stings you!
* * * LOW HITPOINT WARNING * * *
You pummel the spiny frog!!
You kill the spiny frog!
You feel sick.
You hit the komodo dragon.
The komodo dragon is lightly wounded.
You feel sick.
The komodo dragon bites you but does no damage.
You hit the komodo dragon but do no damage.
The komodo dragon is lightly wounded.
The komodo dragon bites you!
* * * LOW HITPOINT WARNING * * *
You hit the komodo dragon.
The komodo dragon is lightly wounded.
You feel sick.
You completely miss the komodo dragon.
The komodo dragon is lightly wounded.
You feel sick. The komodo dragon bites you!
You die...

**,,,,................P#..##
*,,,,,........#.##....##*##*
**,,,*.#......#####..### *
*,,,***####....####....# *
*,,,*** ##....###P#..### *
*,,*#.###.P.......#..#.# *
*,,,.......<..........#* *
**,,.#####PlPP.##..#### *
***** #.♣######## ####


You could see a komodo dragon.

Vanquished Creatures
  Pikel (D:6)
  A spiny frog (Lair:4)
  Grinder (D:4)
  5 yaks
  Eustachio (D:6)
  An ice beast (D:5)
  2 sky beasts
  An orc warrior (D:8)
  A phantom (D:6)
  An ogre (D:8)
  3 centaurs
  A big kobold (D:6)
  2 bullfrogs
  7 scorpions
  4 howler monkeys
  2 crimson imps
  2 jellies (D:6)
  5 orc wizards
  5 orc priests
  Jessica (D:3)
  A centaur skeleton (D:4)
  A worker ant (D:4)
  Natasha (thrice) (D:4)
  A hound zombie (D:5)
  3 hound skeletons
  A howler monkey zombie (D:6)
  Robin (D:2)
  A howler monkey skeleton (D:6)
  11 adders
  2 shadow imps (D:5)
  2 oozes
  An adder zombie (D:6)
  An adder skeleton (D:5)
  4 worms
  4 dart slugs
  3 leopard geckos
  19 orcs
  9 giant cockroaches
  15 goblins
  9 hobgoblins
  15 jackals
  2 quokkas
  3 ball pythons
  6 bats
  4 frilled lizards
  11 kobolds
  A leopard gecko skeleton (D:4)
  A quokka skeleton (D:5)
  9 rats
191 creatures vanquished.

Notes
Turn   | Place    | Note
-------+----------+-------------------------------------------
     0 | D:1      | GuyWithAPlan the Troll Monk began the quest for the Orb.
     0 | D:1      | Reached XP level 1. HP: 22/22 MP: 0/0
   187 | D:1      | Reached XP level 2. HP: 29/29 MP: 1/1
   563 | D:1      | Reached skill level 4 in Unarmed Combat
   748 | D:2      | Noticed Robin
   763 | D:1      | Reached XP level 3. HP: 22/36 MP: 2/2
   896 | D:2      | Killed Robin
  1008 | D:2      | Found an ancient bone altar of Kikubaaqudgha.
  1154 | D:2      | Reached XP level 4. HP: 44/44 MP: 3/3
  1243 | D:2      | Reached skill level 5 in Unarmed Combat
  1539 | D:3      | Reached XP level 5. HP: 36/50 MP: 1/4
  1541 | D:3      | Reached skill level 6 in Unarmed Combat
  1598 | D:3      | Noticed Jessica
  1599 | D:3      | Killed Jessica
  1985 | D:4      | Noticed Grinder
  1991 | D:4      | Killed Grinder
  1991 | D:4      | Reached skill level 7 in Unarmed Combat
  1991 | D:4      | Reached XP level 6. HP: 59/59 MP: 5/5
  2004 | D:4      | Noticed Natasha
  2007 | D:4      | Killed Natasha
  2013 | D:4      | Reached skill level 8 in Unarmed Combat
  2052 | D:4      | Reached XP level 7. HP: 54/66 MP: 6/6
  2128 | D:4      | Noticed Natasha
  2136 | D:4      | Killed Natasha
  2364 | D:4      | Noticed Natasha
  2372 | D:4      | Killed Natasha
  2596 | D:4      | Reached skill level 9 in Unarmed Combat
  2643 | D:5      | Entered Level 5 of the Dungeon
  2792 | D:5      | Found a shadowy altar of Dithmenos.
  3110 | D:5      | Found a basalt altar of Yredelemnul.
  3149 | D:5      | Reached XP level 8. HP: 42/74 MP: 3/7
  3236 | D:5      | Reached skill level 10 in Unarmed Combat
  3461 | D:6      | Noticed Eustachio
  3477 | D:6      | Killed Eustachio
  3519 | D:6      | Noticed Pikel
  3530 | D:6      | Killed Pikel
  3530 | D:6      | Reached skill level 11 in Unarmed Combat
  3546 | D:6      | Found a sacrificial altar of Ru.
  3662 | D:6      | Reached XP level 9. HP: 80/80 MP: 8/8
  3705 | D:6      | Reached skill level 12 in Unarmed Combat
  4218 | D:7      | Found a stormy altar of Qazlal.
  4325 | D:7      | Found a staircase to the Ecumenical Temple.
  4351 | Temple   | Entered the Ecumenical Temple
  4551 | D:7      | Found a glowing silver altar of Zin.
  4551 | D:7      | Noticed an angel
  4843 | D:8      | Reached skill level 13 in Unarmed Combat
  4851 | D:8      | Got a bloodstained cloak
  4862 | D:8      | Identified the +1 cloak of the Ladybird {rF++ rC+} (You found it on level 8 of the Dungeon)
  5198 | D:8      | Found a staircase to the Lair.
  5253 | D:8      | Found a sparkling altar of Nemelex Xobeh.
  5569 | Lair:1   | Entered Level 1 of the Lair of Beasts
  5673 | Lair:4   | Reached skill level 14 in Unarmed Combat
  5680 | Lair:4   | Reached XP level 10. HP: 42/88 MP: 9/9
  5742 | Lair:4   | Noticed a spiny frog
  5769 | Lair:4   | Killed a spiny frog
  5773 | Lair:4   | Slain by a komodo dragon

Skill      XL: |  1  2  3  4  5  6  7  8  9 |
---------------+----------------------------+-----
Unarmed Combat | 4 5 7 8 9 11 14 | 14.2
Fighting       | |  2.4
Dodging        | |  2.4
Stealth        | |  1.0

Action                   |  1- 3 |  4- 6 |  7- 9 | 10-12 || total
-------------------------+-------+-------+-------+-------++-------
Melee: Unarmed           |   126 |    93 |   257 |    14 ||   490
       Punch             |     2 |     1 |    13 |       ||    16
  Use: Scroll            |       |       |     9 |     1 ||    10
       Potion            |       |       |       |     1 ||     1
 Stab: Sleeping          |     1 |     4 |     9 |       ||    14
  Eat: Chunk             |    16 |     6 |    26 |       ||    48
       Ration            |       |       |     1 |       ||     1
Armor: Robe              |    57 |    16 |    34 |     1 ||   108
       Skin              |       |       |       |     1 ||     1
Dodge: Dodged            |    87 |    84 |   176 |     5 ||   352
